Map: King's Cove LE

Players

Lambo - Winner!

  • Race: Zerg Zerg
  • League: Master
  • Spawn Location: 5:00

Cham

  • Race: Zerg Zerg
  • League: Master
  • Spawn Location: 11:00

VOD

Have the link to the VOD?

Description

Time

  • Played on: Jan. 27, 2019, 9:07 a.m.
  • Length: 8:46
Show
View Real Time Build Order
Export as new Build Order

Lambo Zerg - Winner!

Build Orders: Hatch First 

Get SALT Encoding   

  12  0:00  Drone  
  13  0:12  Overlord  
  13  0:18  Drone  
  14  0:31  Drone x2  
  16  0:51  Hatchery  
  16  0:53  Drone  
  16  0:56  Drone  
  17  1:00  Drone  
  18  1:10  Extractor  
  17  1:15  Spawning Pool  
  17  1:18  Drone  
  17  1:22  Drone  
  18  1:28  Drone  
  19  1:40  Drone  
  20  1:54  Drone  
  21  2:02  Queen  
  21  2:03  Queen  
  21  2:05  Drone  
  21  2:07  Overlord  
  26  2:12  Metabolic Boost  
  26  2:14  Drone  
  26  2:15  Drone  
  28  2:27  Drone x2  
  30  2:41  Hatchery  
  30  2:43  Zergling x4  
  31  2:45  Drone  
  31  2:47  Drone  
  33  2:52  Baneling Nest  
  33  2:56  Overlord  
  32  3:01  Drone  
  32  3:05  Drone  
  34  3:16  Zergling x2  
  34  3:17  Zergling x6  
  38  3:23  Drone x2  
  38  3:24  Queen  
  38  3:25  Overlord  
  42  3:30  Drone  
  43  3:36  Baneling x2, Drone  
  44  3:43  Evolution Chamber  
  44  3:46  Drone x4  
  47  3:48  Drone x3  
  47  3:52  Overlord  
  47  3:54  Drone  
  51  4:02  Drone x2  
  53  4:03  Drone  
  53  4:05  Extractor  
  53  4:06  Drone  
  53  4:07  Extractor  
  53  4:09  Drone  
  53  4:11  Drone  
  53  4:13  Zerg Missile Weapons Level 1  
  53  4:14  Drone x2  
  56  4:17  Overlord  
  56  4:20  Drone  
  56  4:22  Drone  
  58  4:26  Drone x3  
  58  4:31  Drone x2  
  63  4:36  Drone x2  
  63  4:37  Lair  
  64  4:44  Roach Warren  
  63  4:46  Drone x3  
  63  4:48  Drone x2  
  63  4:51  Drone x2  
  70  4:54  Drone x2  
  70  4:56  Drone x2  
  70  4:59  Overlord  
  74  5:03  Extractor x2  
  74  5:05  Extractor  
  74  5:06  Drone x3  
  73  5:09  Overlord  
  73  5:11  Pneumatized Carapace  
  73  5:12  Overlord  
  73  5:15  Drone  
  73  5:19  Overlord  
  74  5:29  Drone x3  
  74  5:31  Roach  
  74  5:32  Hatchery, Roach x2  
  82  5:36  Evolution Chamber  
  82  5:38  Roach x3  
  82  5:41  Drone  
  82  5:42  Drone  
  89  5:45  Overseer  
  89  5:47  Roach x3  
  94  5:50  Glial Reconstitution  
  94  5:56  Overlord x2  
  94  6:02  Drone  
  94  6:03  Overlord, Zergling x4  
  97  6:04  Overlord  
  97  6:10  Zerg Missile Weapons Level 2  
  97  6:11  Zerg Ground Armor Level 1  
  97  6:12  Roach x3  
  97  6:16  Overlord  
  105  6:18  Roach x2  
  105  6:25  Overlord  
  107  6:28  Drone x4  
  111  6:35  Overlord  
  111  6:36  Drone x3  
  114  6:40  Ravager x2  
  114  6:41  Ravager x2, Roach x4  
  114  6:44  Extractor  
  114  6:45  Overseer  
  125  6:47  Baneling x4  
  125  6:53  Baneling x4  
  125  6:54  Overlord  
  125  6:57  Roach x4  
  125  7:00  Overlord  
  125  7:01  Queen  
  133  7:05  Roach x2  
  133  7:06  Roach  
  133  7:08  Overlord  
  141  7:09  Tunneling Claws  
  141  7:13  Roach x3  
  147  7:19  Roach x5  
  147  7:21  Overlord  
  157  7:23  Overlord  
  157  7:26  Roach x2  
  161  7:31  Ravager x3  
  161  7:32  Roach x2  
  161  7:33  Roach  
  170  7:39  Overlord  
  170  7:41  Roach x4  
  170  7:42  Ravager  
  179  7:45  Roach x2  
  179  7:49  Roach x3  
  189  7:56  Roach x3  
  195  7:59  Roach x2  
  197  8:18  Roach  
  197  8:27  Roach x8  
Show
View Real Time Build Order
Export as new Build Order

Cham Zerg 

Build Orders: Hatch First 

Get SALT Encoding   

  12  0:01  Drone  
  13  0:08  Drone  
  14  0:18  Overlord  
  14  0:37  Drone x3  
  17  0:53  Hatchery  
  17  0:56  Drone  
  17  1:00  Drone  
  18  1:04  Extractor  
  17  1:16  Spawning Pool  
  16  1:19  Drone  
  16  1:22  Drone  
  18  1:31  Drone  
  19  1:46  Overlord  
  19  2:03  Queen  
  19  2:04  Queen  
  19  2:06  Metabolic Boost  
  19  2:08  Drone x2  
  25  2:11  Drone  
  25  2:15  Drone  
  27  2:19  Drone  
  28  2:25  Drone  
  29  2:32  Drone  
  30  2:40  Hatchery  
  29  2:49  Baneling Nest  
  29  2:50  Drone  
  29  2:51  Drone  
  30  2:53  Zergling x2  
  30  2:55  Zergling x2  
  30  2:57  Zergling x2  
  33  3:02  Drone  
  34  3:08  Queen  
  34  3:11  Overlord  
  36  3:16  Overlord  
  36  3:25  Overlord  
  36  3:32  Drone x2, Zergling x4  
  36  3:33  Drone  
  41  3:35  Drone  
  41  3:37  Drone  
  41  3:39  Drone  
  44  3:48  Drone  
  45  3:51  Drone x4  
  45  3:53  Drone x2  
  51  3:57  Drone  
  51  3:58  Drone  
  51  4:02  Drone  
  54  4:06  Drone x2  
  55  4:12  Roach Warren, Extractor x2, Drone  
  55  4:14  Drone  
  55  4:16  Baneling  
  55  4:17  Baneling  
  54  4:18  Drone  
  54  4:20  Drone x2  
  57  4:26  Drone x4  
  57  4:28  Drone  
  57  4:31  Overlord  
  62  4:32  Drone  
  62  4:34  Drone  
  64  4:38  Lair  
  64  4:41  Drone  
  64  4:44  Drone  
  66  4:50  Overlord x2  
  66  4:54  Evolution Chamber, Drone x3  
  66  4:55  Drone  
  66  4:56  Drone  
  66  4:57  Drone  
  71  5:00  Drone x2  
  71  5:02  Drone, Extractor  
  71  5:03  Drone  
  71  5:06  Pneumatized Carapace  
  73  5:14  Extractor  
  73  5:15  Drone x3  
  73  5:16  Drone  
  73  5:17  Overlord  
  73  5:18  Extractor, Drone  
  73  5:21  Zerg Missile Weapons Level 1  
  76  5:22  Overlord  
  76  5:28  Hatchery  
  76  5:31  Roach x2  
  76  5:33  Roach  
  76  5:34  Roach  
  83  5:39  Overlord  
  83  5:42  Roach  
  85  5:43  Roach x3  
  85  5:44  Glial Reconstitution  
  85  5:46  Roach  
  85  5:49  Roach  
  95  5:51  Overlord  
  95  5:54  Overlord  
  94  5:58  Roach x3  
  94  6:02  Drone x3  
  103  6:05  Overlord  
  103  6:11  Drone  
  103  6:12  Roach x2  
  103  6:13  Evolution Chamber, Roach x2  
  111  6:22  Overlord, Roach  
  111  6:23  Overlord, Roach  
  115  6:26  Queen  
  115  6:28  Overlord  
  115  6:30  Drone  
  122  6:32  Roach  
  122  6:33  Roach  
  122  6:34  Extractor  
  122  6:35  Baneling x3  
  122  6:38  Ravager x4  
  122  6:39  Roach  
  127  6:43  Roach x3  
  127  6:46  Zerg Ground Armor Level 1  
  133  6:48  Overlord  
  133  6:50  Roach  
  133  6:54  Overlord x2  
  135  6:56  Overlord  
  135  6:58  Roach  
  137  7:02  Roach x2  
  137  7:04  Roach  
  137  7:05  Roach  
  137  7:07  Roach  
  137  7:08  Roach  
  149  7:11  Overlord  
  149  7:13  Roach x2  
  153  7:23  Roach x2  
  153  7:24  Roach x2  
  153  7:26  Roach  
  153  7:29  Roach x2  
  167  7:33  Roach x2  
  167  7:36  Overlord  
  171  7:38  Roach  
  171  7:39  Roach x2  
  171  7:40  Roach  
  171  7:42  Roach  
  181  7:44  Overlord  
  181  7:46  Roach  
  181  7:48  Roach  
  185  7:52  Ravager x8  
  185  7:54  Roach  
  185  7:57  Roach x2  
  199  8:15  Roach Warren, Spire  
  118  8:34  Drone  
Tags
 
Add a new tag
Caveats
  • Supply blocks, unpowered buildings, or Contaminate may cause inaccurate times.
  • Supply counts are checked every 10 seconds.